 Dungeon Crawl Stone Soup version 0.30-a0-782-ge64f9170bb (webtiles) character file.

Game seed: 3414402517133758677

35 Jane the Slasher (level 3, 0/29 HPs)
             Began as a Vampire Chaos Knight on Feb 20, 2023.
             Was a Plaything of Xom.
             Succumbed to an adder's poison
             ... on level 2 of the Dungeon.
             The game lasted 00:04:26 (513 turns).

Jane the Slasher (Vampire Chaos Knight)              Turns: 513, Time: 00:04:27

Health: 0/29       AC:  6    Str: 13    XL:     3   Next: 17%
Magic:  3/3        EV:  9    Int: 14    God:    Xom [....*.]
Gold:   17         SH:  0    Dex: 13    Spells: 2/2 levels left

rFire   . . .      SeeInvis +    h - +3 whip
rCold   . . .      Faith    .    (no shield)
rNeg    . . .      Spirit   .    f - +0 scale mail
rPois   .          Reflect  .    (no helmet)
rElec   .          Harm     .    (no cloak)
rCorr   .          Rampage  .    (no gloves)
Will    .....                    (no boots)
Stlth   ++                       (no amulet)
HPRegen 0.44/turn                (no ring)
MPRegen 0.08/turn                (no ring)

@: lethally poisoned (0 -> -2), especially stealthy, healing quickly
A: alive, fangs 3, see invisible, vampiric 2
a: Exsanguinate, Renounce Religion


You were on level 2 of the Dungeon.
You worshipped Xom.
You were a beloved toy of Xom.
You visited 1 branch of the dungeon, and saw 2 of its levels.

You collected 17 gold pieces.

Inventory:

Hand Weapons
 a - a +0 falchion of chaos
 h - a +3 whip (weapon)
Armour
 b - a +2 leather armour
 f - a +0 scale mail (worn)
Magical Staves
 d - a staff of poison
Scrolls
 g - 3 scrolls of teleportation {unknown}
Potions
 e - 2 potions of curing {unknown}
 i - 2 potions of heal wounds {unknown}
Miscellaneous
 c - a piece from Xom's chessboard (15/15) (quivered)


   Skills:
 + Level 3.2 Fighting
 + Level 3.6 Long Blades
 + Level 0.1 Maces & Flails
 + Level 0.8 Armour
 + Level 2.3 Dodging
 + Level 0.2 Stealth


You had 2 spell levels left.
You didn't know any spells.
Your spell library was empty.

Dungeon Overview and Level Annotations

Branches:
Dungeon (2/15)

Altars:

Shops:
D:1 (   D:2 !


Innate Abilities, Weirdness & Mutations

Your natural rate of healing is accelerated.
You have razor-sharp teeth.
You have supernaturally acute eyesight. (SInv)
You are afflicted with vampirism and can become a bat while bloodless.


Message History

The adder is heavily wounded.
You feel sick. The adder bites you.
You are more poisoned.
The adder poisons you! The adder barely misses you.
You hit the adder.
The adder is almost dead.
You feel sick. The adder bites you. The adder barely misses you.
The adder bites you.
* * * LOW HITPOINT WARNING * * *
You are lethally poisoned!
The adder poisons you! The adder bites you but does no damage.
You hit the adder.
You kill the adder!
* * * LOW HITPOINT WARNING * * *
You feel very sick. The adder bites you but does no damage.
You have reached level 3!
Your experience leads to an increase in your attributes!
Increase (S)trength, (I)ntelligence, or (D)exterity?
You feel stronger. x2
You can now turn into a vampire bat when bloodless.
Xom is amused.
You hit the adder but do no damage.
The adder is moderately wounded.
* * * LOW HITPOINT WARNING * * *
You feel sick. The adder bites you but does no damage.
The adder barely misses you.
You hit the adder. Your bite misses the adder.
The adder is almost dead.
* * * LOW HITPOINT WARNING * * *
You feel sick. The adder bites you.
* * * LOW HITPOINT WARNING * * *
You miss the adder.
The adder is almost dead.
* * * LOW HITPOINT WARNING * * *
You feel sick. The adder barely misses you.
You closely miss the adder.
The adder is almost dead.
You die...
Xom roars with laughter!

####.########
#.<..†......#
#.#.#.#####..
###...#...###.#
...#####>....#
###...#...###.#
# #.#.#.###
#.#####.#...#
#.S@.......##
#...........####
...........##
#.###.####.# #
#. #.# #. .∩. .
#g.. . ...## ..


You could see an adder.

Vanquished Creatures
  An adder (D:2)
  A worm (D:2)
  A bat (D:1)
  An endoplasm (D:1)
  A goblin (D:1)
  3 hobgoblins (D:1)
  4 jackals (D:1)
  2 kobolds (D:1)
  A quokka (D:1)
  3 ball pythons (D:1)
  A frilled lizard (D:1)
  2 rats (D:1)
21 creatures vanquished.

Vanquished Creatures (others)
  A plant (D:1)
1 creature vanquished.

Grand Total: 22 creatures vanquished

Notes
Turn   | Place    | Note
-------+----------+-------------------------------------------
     0 | D:1      | Jane the Vampire Chaos Knight began the quest for the Orb.
     0 | D:1      | Reached XP level 1. HP: 17/17 MP: 1/1
    42 | D:1      | XOM: silly message
   143 | D:1      | Reached XP level 2. HP: 23/23 MP: 2/2
   160 | D:1      | XOM: silly message
   356 | D:1      | Found Ussamuac's Weapon Emporium.
   471 | D:2      | XOM: stealth player
   492 | D:2      | Found Owewkis's Distillery.
   510 | D:2      | Gained mutation: You are afflicted with vampirism and can
                  | become a bat while bloodless. [Vampire growth]
   510 | D:2      | Reached XP level 3. HP: 6/29 MP: 3/3
   512 | D:2      | HP: 1/29 [poisoned by an adder]
   513 | D:2      | Succumbed to an adder's poison

Illustrated notes

Levels and vault maps discovered:
D:1:      tarquinn_simple_flora_water_a, layout_rooms, serial_shops,
          nicolae_shop_statue_plus
D:2:      layout_loops_ring, shapermc_ecumenical_altar_rom_forum, serial_shops,
          shop

Skill      XL: |  1  2 |
---------------+-------+-----
Fighting       | 3 |  3.2
Long Blades    | |  3.6
Maces & Flails | |  0.1
Armour         | |  0.8
Dodging        | |  2.3
Stealth        | |  0.2

Action                     || total
---------------------------++-------
  Melee: Falchion          ||    48
         Bite              ||     4
         Whip              ||    22
         Punch             ||     1
 Armour: Leather armour    ||    14
         Scale mail        ||    13
  Dodge: Dodged            ||    35

Table legend: (Time is in decaauts)
 A = Elapsed time spent in this place.
 B = Non-inter-level travel time spent in this place.
 C = Inter-level travel time spent in this place.
 D = Time resting spent in this place.
 E = Time spent auto-exploring this place.
 F = Levels seen in this place.
 G = Mean time per level.
                   A        B        C        D        E       F      G
               +--------+--------+--------+--------+--------+-----+--------+
         Total |    521 |    169 |    352 |      0 |      0 |   2 |  260.5 |
       Dungeon |    521 |    169 |    352 |      0 |      0 |   2 |  260.5 |
               +--------+--------+--------+--------+--------+-----+--------+

Top non-repeatable levels by time:
     D:1: 477 daAuts
     D:2: 43 daAuts
